AoeStats
← WalkReyPok

Nomad

508138310Analyzed
3v3 RM · 10d ago on Sep 21, 2026· 27m 27s· 6 players
Game mode
Random Map
Map size
210×210
Population
200
Speed
Normal
Resources
Standard
Victory
Conquest
Starting age
Dark Age
Ending age
Imperial Age
RankedLock teamsTeams togetherTeam positionsShared explorationLock speedFull tech treeHidden civsTurbo modeCheats
Victory
Defeat
🇦🇷 Goths · Argentina
961
+15
🇦🇷 Huns · Argentina
950
+15
🇦🇷 Vietnamese · Argentina
944
+15
🇺🇸 Sicilians · United States
1009
-18
🇧🇴 Inca · Bolivia
900
-14
🇲🇽 Romans · Mexico
888
-13
Non-Fungible-Tonga
6:49 Loom
13:53 Feudal Age
15:19 Double-Bit Axe
23:23 Castle Age
22:40 Man-at-Arms
23:49 Scale Mail Armor
23:41 Long Swordsman
WalkReyPok
6:35 Loom
14:33 Feudal Age
15:48 Double-Bit Axe
17:43 Wheelbarrow
23:18 Castle Age
23:45 Man-at-Arms
lucas.tapiales
12:25 Loom
16:37 Feudal Age
17:01 Fishing Lines
17:18 Double-Bit Axe
25:43 Castle Age
25:33 Fletching
26:41 Thumb Ring
26:28 Pikeman
KcoasRaulMx
4:31 Loom
13:21 Feudal Age
14:21 Gold Mining
14:21 Double-Bit Axe
14:34 Fishing Lines
21:37 Castle Age
21:47 Forging
21:45 Scale Barding Armor
23:23 Light Cavalry
Prince of Hell
4:56 Loom
14:12 Feudal Age
15:25 Town Watch
16:15 Wheelbarrow
19:11 Castle Age
17:44 Forging
17:35 Scale Mail Armor
17:57 Gold Mining
EL KEVIN
5:03 Loom
18:29 Feudal Age
22:25 Castle Age
19:53 Champi Runner
20:19 Arson
20:26 Arson
21:09 Forging
21:00 Scale Mail Armor
21:12 Double-Bit Axe
21:46 Fishing Lines
22:30 Champi Warrior
23:12 Squires
24:47 Iron Casting
24:28 Chain Mail Armor
Connection lost

Rejoining the realm…

Still unreachable

The connection could not be restored.

Session expired

The server has moved on; the page needs a fresh start.